 Dungeon Crawl Stone Soup version 0.29.1-2-gbd0b4ee654 (webtiles) character file.

Game seed: 5482380285831581295

203 GorkyZ the Covered (level 5, 0/46 HPs)
             Began as a Hill Orc Fighter on Nov 14, 2022.
             Slain by an adder (1 damage)
             ... on level 2 of the Dungeon.
             The game lasted 00:04:42 (1520 turns).

GorkyZ the Covered (Hill Orc Fighter)               Turns: 1520, Time: 00:04:43

Health: 0/46       AC:  7    Str: 21    XL:     5   Next: 81%
Magic:  5/5        EV:  9    Int:  8    God:
Gold:   0          SH:  4    Dex: 10    Spells: 4/4 levels left

rFire   . . .      SeeInvis .   f - +0 mace (holy)
rCold   . . .      Faith    .   c - +0 buckler
rNeg    . . .      Spirit   .   b - +0 scale mail
rPois   .          Reflect  .   (no helmet)
rElec   .          Harm     .   (no cloak)
rCorr   .          Rampage  .   (no gloves)
Will    .....                   (no boots)
Stlth   ..........              (no amulet)
HPRegen 0.15/turn               (no ring)
MPRegen 0.09/turn               (no ring)

@: no status effects
A: no striking features
a: no special abilities


You were on level 2 of the Dungeon.
You visited 1 branch of the dungeon, and saw 2 of its levels.

Inventory:

Hand Weapons
 a - a +0 war axe
 f - a +0 mace of holy wrath (weapon)
Armour
 b - a +0 scale mail (worn)
 c - a +0 buckler (worn)
Wands
 n - a wand of flame (1)
Scrolls
 e - 2 scrolls of butterflies {unknown}
 i - a scroll of magic mapping {unknown}
 j - a scroll of enchant weapon {unknown}
 l - a scroll of poison {unknown}
 o - a scroll of acquirement {unknown}
 q - a scroll of enchant armour {unknown}
Potions
 d - a potion of might
 g - a potion of lignification {unknown}
 h - a potion of haste {unknown}
 k - 2 potions of curing {unknown}
 m - a potion of ambrosia {unknown}
 p - a potion of mutation {unknown}


   Skills:
 + Level 4.2 Fighting
 + Level 3.0(4.1) Axes
 + Level 3.4(3.9) Maces & Flails
 + Level 4.6 Armour
 + Level 4.0 Shields


You had 4 spell levels left.
You didn't know any spells.
Your spell library contained the following spells:

 Spells                   Type           Power      Damage    Failure   Level
 Ensorcelled Hibernation  Hex/Ice        0%         N/A       92%         2
 Spider Form              Tmut/Pois      0%         N/A       99%         3
 Anguish                  Hex/Necr       0%         N/A       100%        4


Dungeon Overview and Level Annotations

Branches:
Dungeon (2/15)

Altars:

Annotations:
D:2 Robin


Message History

You are too injured to fight recklessly!
You are too injured to fight recklessly!
You are too injured to fight recklessly!
You are too injured to fight recklessly!
You are too injured to fight recklessly!
You are too injured to fight recklessly!
You are too injured to fight recklessly!
You are too injured to fight recklessly!
You are too injured to fight recklessly!
You are too injured to fight recklessly!
You are too injured to fight recklessly!
You are too injured to fight recklessly!
You are too injured to fight recklessly!
You are too injured to fight recklessly!
You are too injured to fight recklessly!
You are too injured to fight recklessly!
You are too injured to fight recklessly!
You sock the goblin!
You kill the goblin!
You block the adder's attack. The hobgoblin hits you.
* * * LOW HITPOINT WARNING * * *
The hobgoblin hits you but does no damage.
The adder barely misses you. The goblin misses you.
The hobgoblin hits you but does no damage.
The goblin closely misses you.
You closely miss the hobgoblin. The adder bites you but does no damage.
You block the hobgoblin's attack.
The hobgoblin hits you but does no damage.
The hobgoblin barely misses you. The goblin closely misses you.
The hobgoblin closely misses you.
The goblin hits you but does no damage. x2
You sock the hobgoblin!
You kill the hobgoblin!
The adder bites you but does no damage. The goblin hits you with a +0 club.
* * * LOW HITPOINT WARNING * * *
The hobgoblin hits you.
* * * LOW HITPOINT WARNING * * *
The hobgoblin hits you.
* * * LOW HITPOINT WARNING * * *
The hobgoblin closely misses you. The adder bites you.
You die...

....##########.
#..............
#..............
.............
............
#..........
#.SggS.....
#.########.g@gg>....
#........†.gggg.....
#######.....g.......
######.###.####....
.. #.............
... . #..........###
## . #.....>..#.#
#........#.# #
#........#.# ..#.


You could see Robin, an adder, 4 hobgoblins, 5 goblins and a ball python.

Vanquished Creatures
  Sigmund (D:2)
  A dart slug (D:1)
  A ball python (D:1)
  5 bats
  6 endoplasms
  2 giant cockroaches (D:1)
  4 goblins
  2 hobgoblins
  3 jackals (D:2)
  2 quokkas (D:2)
  9 frilled lizards
  A kobold (D:2)
  4 rats
41 creatures vanquished.

Notes
Turn   | Place    | Note
-------+----------+-------------------------------------------
     0 | D:1      | GorkyZ the Hill Orc Fighter began the quest for the Orb.
     0 | D:1      | Reached XP level 1. HP: 19/19 MP: 1/1
   283 | D:1      | Reached XP level 2. HP: 25/27 MP: 2/2
   890 | D:2      | Reached XP level 3. HP: 33/33 MP: 3/3
   913 | D:2      | Noticed Sigmund
   936 | D:2      | Killed Sigmund
   937 | D:2      | Reached XP level 4. HP: 6/40 MP: 4/4
   937 | D:2      | Reached XP level 5. HP: 7/46 MP: 5/5
  1511 | D:2      | Noticed Robin
  1520 | D:2      | HP: 2/46 [hobgoblin[Robin] (5)]
  1520 | D:2      | Slain by an adder

Illustrated notes

Levels and vault maps discovered:
D:1:      minmay_arrival_open_corners, layout_loops_ring, minmay_lizard_pond
D:2:      minmay_chambers_of_twos, layout_basic, uniq_robin, uniq_sigmund

Skill      XL: |  1  2  3 |
---------------+----------+-----
Fighting       | 4 |  4.2
Axes           | 3 |  3.0
Maces & Flails | 3 |  3.4
Armour         | 4 |  4.6
Shields        | 4 |  4.0

Action                   |  1- 3 |  4- 6 || total
-------------------------+-------+-------++-------
Melee: Mace              |    57 |    47 ||   104
       War axe           |     4 |       ||     4
Armor: Scale mail        |    43 |    64 ||   107
Dodge: Dodged            |    45 |    52 ||    97
Block: Buckler           |    13 |    18 ||    31
